 Dungeon Crawl Stone Soup version 0.17.0-24-gcfadda4 (console) character file.

102 gw the Shooter (level 4, -9/28 HPs)
             Began as a Tengu Hunter on Nov 16, 2015.
             Was an Initiate of Dithmenos.
             Killed by divine providence
             ... invoked by an orc priest
              (10 damage)
             ... on level 3 of the Dungeon.
             The game lasted 00:01:22 (2767 turns).

gw the Shooter (Tengu Hunter)                       Turns: 2767, Time: 00:01:22

Health: -9/28      AC:  8    Str: 13    XL:     4   Next: 78%
Magic:  5/5        EV: 11    Int: 11    God:    Dithmenos [......]
Gold:   130        SH:  0    Dex: 15    Spells: 0 memorised, 3 levels left

rFire  . . .     SeeInvis .     c - +0 short sword
rCold  . . .     Clarity  .     i - +0 ring mail (curse)
rNeg   . . .     SustAt   .     (no shield)
rPois  .         Gourm    .     (helmet restricted)
rElec  .         Spirit   .     (no cloak)
rCorr  .         Warding  .     (no gloves)
rMut   .         Stasis   .     (boots unavailable)
MR     .....                    (no amulet)
Stlth  +.........               (no ring)
                                m - +3 ring of protection

@: not resistant to hostile enchantments, very unstealthy
A: beak, talons 3
a: Renounce Religion


You were on level 3 of the Dungeon.
You worshipped Dithmenos.
Dithmenos was noncommittal.
You were not hungry.

You visited 1 branch of the dungeon, and saw 3 of its levels.

You collected 130 gold pieces.

Inventory:

Hand Weapons
 a - a +1 shortbow
 c - a +0 short sword (weapon)
Missiles
 b - 11 arrows
 p - 12 arrows of frost
Armour
 i - a cursed +0 ring mail (worn)
Jewellery
 m - a +3 ring of protection (left hand)
Scrolls
 g - 5 scrolls of remove curse
 j - a scroll of teleportation
 l - a scroll of fog {unknown}
Potions
 d - a potion of curing
Comestibles
 e - 3 bread rations
 f - a royal jelly
 h - a beef jerky
 k - 2 fruits
 n - a meat ration
 o - 2 chunks of flesh


   Skills:
 + Level 3.0 Fighting
 * Level 5.6 Bows
 + Level 2.8 Dodging
 * Level 1.1 Stealth
 + Level 0.3 Invocations


You had 3 spell levels left.
You didn't know any spells.

Dungeon Overview and Level Annotations

Branches:
Dungeon (3/15)

Altars:
Dithmenos
Xom


Innate Abilities, Weirdness & Mutations

You have a beak for a mouth.
You have claws for feet.


Message History

The orc hits you with a mace.
The orc priest calls down the wrath of Beogh upon you.
Pain shoots through your body! The orc closely misses you.
ATTACK MOVE TO (-1,1)
You hit the orc.
You kill the orc!
Dithmenos accepts your kill.
The orc priest calls down the wrath of Beogh upon you.
Pain shoots through your body! The orc hits you with a mace.
ATTACK MOVE TO (0,1)
You closely miss the orc. You claw the orc, but do no damage.
The orc priest hits you but does no damage.
The orc hits you but does no damage.
ATTACK MOVE TO (0,1)
You hit the orc. You claw the orc.
You kill the orc!
Dithmenos accepts your kill.
The orc priest mumbles some strange prayers to Beogh against you.
Something smites you!
You die...

#..........
#.....##.##
##.....#
#......#
#......#
#.....##
#..#### #..#
#.Q# #.))o#
.........
#..........#
#............
....#..........
.#####).......)
#....###..


You could see an orc priest.

Table legend:
 A = Turns spent in this place as a percentage of turns spent in the entire game.
 B = Non-inter-level travel turns spent in this place as a percentage of non-inter-level travel turns spent in the entire game.
 C = Inter-level travel turns spent in this place as a percentage of turns spent in this place.
 D = Turns resting spent in this place as a percentage of non-inter-level travel turns spent in this place.
 E = Turns spent auto-exploring this place as a percentage of non-inter-level travel turns spent in this place.
 F = Non-inter-level travel turns spent in this place divided by the number of levels of this place that you've seen.
                   A       B       C       D       E      F
               +-------+-------+-------+-------+-------+----------------------
         Total | 100.0 | 100.0 |   0.6 |   1.0 |   2.8 | 989.7
       Dungeon | 100.0 | 100.0 |   0.6 |   1.0 |   2.8 | 989.7
               +-------+-------+-------+-------+-------+----------------------

Table legend:
 A = Kills in this place as a percentage of kills in entire the game.
 B = Kills by you in this place as a percentage of kills by you in the entire game.
 C = Kills by friends in this place as a percentage of kills by friends in the entire game.
 D = Other kills in this place as a percentage of other kills in the entire game.
 E = Experience gained in this place as a percentage of experience gained in the entire game.
 F = Experience gained in this place divided by the number of levels of this place that you have seen.
                   A       B       C       D       E      F
               +-------+-------+-------+-------+-------+----------------------
         Total | 100.0 | 100.0 |  -nan |  -nan | 100.0 |  49.0
       Dungeon | 100.0 | 100.0 |  -nan |  -nan | 100.0 |  49.0
               +-------+-------+-------+-------+-------+----------------------

Vanquished Creatures
  Ijyb (D:2)
  An adder (D:2)
  An ooze (D:1)
  A worm (D:3)
  The ghost of poi2000 the Covered, a weakling MiWn (D:3)
  3 giant geckos
  2 orcs (D:3)
  4 bats
  2 giant cockroaches
  9 goblins
  4 hobgoblins
  6 jackals
  7 kobolds
  8 rats
50 creatures vanquished.

Notes
Turn   | Place    | Note
--------------------------------------------------------------
     0 | D:1      | gw the Tengu Hunter began the quest for the Orb.
     0 | D:1      | Reached XP level 1. HP: 12/12 MP: 2/2
   393 | D:1      | Reached XP level 2. HP: 9/17 MP: 3/3
  1255 | D:2      | Reached XP level 3. HP: 22/22 MP: 4/4
  1286 | D:2      | Noticed Ijyb
  1301 | D:2      | Reached skill level 5 in Bows
  1317 | D:2      | Killed Ijyb
  1317 | D:2      | Reached XP level 4. HP: 6/27 MP: 5/5
  1555 | D:2      | Found a shimmering altar of Xom.
  1556 | D:2      | Found a shimmering altar of Xom.
  1559 | D:2      | Found a shimmering altar of Xom.
  2305 | D:2      | Found a shadowy altar of Dithmenos.
  2313 | D:2      | Became a worshipper of Dithmenos the Shadowed
  2383 | D:3      | Noticed poi2000's ghost (weakling MiWn)
  2392 | D:3      | Killed poi2000's ghost
  2765 | D:3      | HP: 1/28 [orc/mace (3)]
  2767 | D:3      | Killed from afar by an orc priest

Action                   |  1- 3 |  4- 6 || total
-------------------------+-------+-------++-------
Melee: Short sword       |    54 |    57 ||   111
 Fire: Shortbow          |    25 |    18 ||    43
  Use: Scroll            |     5 |     1 ||     6
       Potion            |       |     3 ||     3
  Eat: Chunk             |     1 |     5 ||     6

Vault maps used:
D:1:      dpeg_arrival_sounds_slurp, grunt_decor_fettered,
          minmay_misc_feat_diagonals, corexii_leaking_fountain,
          minmay_misc_feat_square
D:2:      kennysheep_the_goblin_king, lemuel_coloured_pillars_altar,
          xom_redecorated, moated_statue, minmay_unequal
D:3:      ashenzari_conservatory_becter, kennysheep_path_1, uniq_jessica
